 Dungeon Crawl Stone Soup version 0.30.0-29-ga12c61a403 (webtiles) character file.

Game seed: 13874051749900153944

9349 ChadusMaximus the Blocker (level 11, -2/89 HPs)
             Began as a Formicid Fighter on June 17, 2023.
             Was a Priest of Okawaru.
             Slain by a ten-headed hydra (8 damage)
             ... on level 9 of the Dungeon.
             The game lasted 00:15:18 (11270 turns).

ChadusMaximus the Blocker (Formicid Fighter)       Turns: 11270, Time: 00:15:19

Health: -2/89      AC: 25    Str: 25    XL:     11   Next: 72%
Magic:  13/15      EV:  7    Int:  8    God:    Okawaru [***...]
Gold:   487        SH:  8    Dex: 13    Spells: 10/10 levels left

rFire   + . .        f - +0 battleaxe
rCold   + + .        c - +0 buckler
rNeg    . . .        F - +0 gold dragon scales
rPois   +            (helmet unavailable)
rElec   .            E - scarf {shadows}
rCorr   .            (no gloves)
SInv    +            w - +0 pair of boots
Will    +....        (no amulet) Stlth
                     m - +4 ring of protection
HPRegen 0.34/turn    h - ring of protection from cold
MPRegen 0.14/turn

%: no passive effects
@: heroic
A: permanent stasis, dig shafts and tunnels, antennae 3, four strong arms
a: Dig, Shaft Self, Renounce Religion, Heroism


You were on level 9 of the Dungeon.
You worshipped Okawaru.
Okawaru was most pleased with you.
You visited 2 branches of the dungeon, and saw 13 of its levels.

You collected 487 gold pieces.

Inventory:

Hand Weapons
 a - a +0 war axe
 f - a +0 battleaxe (weapon)
 k - a +2 dire flail of protection
 y - a +0 trident
 D - a +5 halberd
Missiles
 K - 2 throwing nets
Armour
 b - the +0 plate armour "Deduafat" {Regen+}
   (You found it on level 6 of the Dungeon)

   Regen:     It increases your rate of health regeneration.
 c - a +0 buckler (worn)
 w - a +0 pair of boots (worn)
 A - a +3 scale mail of fire resistance
 E - a scarf of shadows (worn)
 F - +0 gold dragon scales (worn)
Jewellery
 h - a ring of protection from cold (right hand)
 m - a +4 ring of protection (left hand)
 x - an amulet of reflection
 H - an amulet of the acrobat
 L - a ring of ice
Wands
 n - a wand of light (3)
 u - a wand of polymorph (23)
Scrolls
 g - a scroll of enchant weapon
 i - 2 scrolls of torment
 j - 5 scrolls of teleportation
 o - 3 scrolls of blinking
 r - 3 scrolls of fear
 s - 3 scrolls of silence
 t - 2 scrolls of fog
 C - a scroll of vulnerability {unknown}
 G - a scroll of identify
 I - 4 scrolls of noise {unknown}
 J - 2 scrolls of brand weapon {unknown}
 M - a scroll of enchant armour {unknown}
Potions
 d - 2 potions of might
 e - a potion of curing
 l - 5 potions of mutation
 p - a potion of lignification {unknown}
 q - a potion of flight {unknown}
 v - 3 potions of berserk rage
 z - 3 potions of magic {unknown}
 B - 3 potions of heal wounds {unknown}
 N - 2 potions of brilliance {unknown}
 O - a potion of haste {unknown}


   Skills:
 + Level 9.0(14.0) Fighting
 + Level 10.1(15.1) Axes
 * Level 3.7(8.7) Throwing
 + Level 9.0(14.0) Armour
 + Level 10.8(15.8) Shields
 - Level 5.7 Invocations


You had 10 spell levels left.
You didn't know any spells.
Your spell library contained the following spells:

 Spells                   Type           Power      Damage    Failure   Level
 Freeze                   Ice            0%         1d3       100%        1
 Cigotuvi's Dreadful Rot  Necr/Pois/Air  0%         N/A       100%        2
 Lesser Beckoning         Tloc           0%         N/A       100%        2
 Scorch                   Fire           0%         2d5       100%        2
 Frozen Ramparts          Ice            0%         1d1       100%        3
 Gell's Gravitas          Tloc           0%         N/A       100%        3
 Hailstorm                Conj/Ice       0%         3d3       100%        3
 Ignite Poison            Fire/Tmut/Pois 0%         N/A       100%        3
 Portal Projectile        Hex/Tloc       0%         N/A       100%        3
 Teleport Other           Tloc           0%         N/A       100%        3
 Flame Wave               Conj/Fire      0%         2d4       100%        4
 Leda's Liquefaction      Hex/Erth       0%         N/A       100%        4
 Freezing Cloud           Conj/Ice/Air   0%         6-21      100%        5
 Ozocubu's Refrigeration  Ice            0%         4d7       100%        7
 Polar Vortex             Ice            0%         N/A       100%        9
 Call Canine Familiar     Summ           Unusable   N/A       N/A         3
 Simulacrum               Ice/Necr       Unusable   N/A       N/A         6
 Summon Cactus Giant      Summ           Unusable   N/A       N/A         6

Dungeon Overview and Level Annotations

Branches:
Dungeon (12/15)            Temple (1/1) D:7            Lair (0/5) D:10
    Orc: D:9-12

Altars:
Ashenzari
Cheibriados
Dithmenos
Fedhas
Gozag
Hepliaklqana
Kikubaaqudgha
Makhleb
Nemelex Xobeh
Okawaru
Ru
Trog
Uskayaw
Vehumet
Wu Jian
Zin

Shops:
D:3 ([(:   D:12 *


Innate Abilities, Weirdness & Mutations

You cannot be hasted, slowed, berserked, paralysed or teleported.
You can dig through walls and to a lower floor.
You have a pair of large antennae on your head. (SInv)
Your four strong arms can wield two-handed weapons with a shield.


Message History

The eight-headed hydra is moderately wounded.
The eight-headed hydra bites you but does no damage. x3
You block the eight-headed hydra's attack.
The eight-headed hydra bites you.
You block the eight-headed hydra's attack. x2
The eight-headed hydra bites you but does no damage.
You barely miss the eight-headed hydra.
The eight-headed hydra is moderately wounded.
The eight-headed hydra bites you but does no damage.
The eight-headed hydra bites you!
The eight-headed hydra bites you but does no damage. x2
You block the eight-headed hydra's attack.
The eight-headed hydra bites you but does no damage. x3
You lop one of the eight-headed hydra's heads off!
The seven-headed hydra grows two more!
You slice the nine-headed hydra!!
The nine-headed hydra is heavily wounded.
The nine-headed hydra bites you but does no damage. x5
The nine-headed hydra bites you.
The nine-headed hydra bites you but does no damage.
You block the nine-headed hydra's attack. x2
You hack one of the nine-headed hydra's heads off!
The eight-headed hydra grows two more!
You slice the ten-headed hydra!!
The ten-headed hydra is severely wounded.
The ten-headed hydra barely misses you.
You block the ten-headed hydra's attack.
The ten-headed hydra bites you but does no damage. x3
The ten-headed hydra bites you.
* * * LOW HITPOINT WARNING * * *
The ten-headed hydra bites you but does no damage.
You block the ten-headed hydra's attack. x2
The ten-headed hydra bites you but does no damage. x2
You block the ten-headed hydra's attack.
The ten-headed hydra bites you!
* * * LOW HITPOINT WARNING * * *
The ten-headed hydra bites you but does no damage.
The ten-headed hydra bites you!
* * * LOW HITPOINT WARNING * * *
You block the ten-headed hydra's attack.
The ten-headed hydra bites you!
You die...

##...#.# #.# #......######
#.# #............ #.#
#............ #.#
##.#+#....... #.#
#....#....... #.#
###.....(########.#
#......#.†#######..######
###......#@.†........[.....
.......##D#####....#######
#....{##..###..####
#......##)..)[##
{#............># {
#..........####
#...#......# { #..........#
#.......)..#


You could see a ten-headed hydra.

Vanquished Creatures
  Fannar (D:11)
  Nergalle (D:11)
  Pikel (D:9)
  A deep elf pyromancer (D:12)
  A manticore (D:11)
  Psyche (D:8)
  Maggie (D:7)
  2 trolls
  The ghost of destino the Cudgeller, an amateur MeFi of Okawaru (D:4)
  2 hornets (D:9)
  Sigmund (D:2)
  4 wyverns
  2 steam dragons (D:9)
  Menkaure (D:6)
  Edmund (D:6)
  3 water moccasins
  3 ice beasts
  2 black bears
  5 orc warriors
  2 centaurs
  The ghost of SharpKris the Sneak, an amateur GnEn (D:6)
  2 lemures (D:9)
  3 kobold brigands
  A bullfrog (D:9)
  A gnoll sergeant (D:8)
  4 scorpions
  13 wights
  A killer bee (D:9)
  5 howler monkeys
  A bullfrog zombie (D:4)
  A hound (D:7)
  9 orc priests
  2 sleepcaps (D:6)
  A centaur skeleton (D:4)
  Terence (D:2)
  Natasha (thrice) (D:2)
  An iguana (D:6)
  9 orc wizards
  Robin (D:2)
  10 gnolls
  8 adders
  A howler monkey skeleton (D:4)
  A shadow imp (D:6)
  3 white imps
  An ufetubus (D:5)
  3 worms
  2 dart slugs
  47 orcs
  7 bats
  4 endoplasms
  5 giant cockroaches
  13 goblins
  9 hobgoblins
  3 jackals (D:2)
  12 kobolds
  4 quokkas
  2 ball pythons (D:1)
  2 frilled lizards
  2 rats
235 creatures vanquished.

Vanquished Creatures (others)
  An orc wizard (D:9)
1 creature vanquished.

Grand Total: 236 creatures vanquished

Notes
Turn   | Place    | Note
-------+----------+-------------------------------------------
     0 | D:1      | ChadusMaximus the Formicid Fighter began the quest for the
                  | Orb.
     0 | D:1      | Reached XP level 1. HP: 18/18 MP: 1/1
    56 | D:1      | Reached XP level 2. HP: 24/24 MP: 2/2
   589 | D:1      | Reached XP level 3. HP: 29/29 MP: 3/3
   719 | D:2      | Noticed Robin
   726 | D:2      | Killed Robin
   741 | D:2      | Noticed Sigmund
   753 | D:2      | Reached XP level 4. HP: 28/37 MP: 4/4
   962 | D:2      | Found a bloodstained altar of Trog.
  1003 | D:2      | Noticed Natasha
  1009 | D:2      | Killed Natasha
  1072 | D:2      | Noticed Natasha
  1084 | D:2      | Killed Natasha
  1085 | D:2      | Reached XP level 5. HP: 25/42 MP: 5/5
  1101 | D:2      | Noticed Natasha
  1234 | D:2      | Noticed Terence
  1237 | D:2      | Killed Terence
  1307 | D:2      | Killed Natasha
  1308 | D:2      | Reached skill level 5 in Shields
  1366 | D:2      | Reached XP level 6. HP: 43/48 MP: 6/6
  1437 | D:2      | Killed Sigmund
  1798 | D:3      | Reached XP level 7. HP: 54/55 MP: 7/7
  1822 | D:3      | Found Jagis's Book Shop.
  2083 | D:3      | Found Fenaen's Antique Weapon Boutique.
  2088 | D:3      | Found Pessang's Antique Armour Emporium.
  2248 | D:3      | Found a broken altar of Ashenzari.
  2258 | D:3      | Found Miaj Ner's Antique Weapon Emporium.
  2990 | D:4      | Found a runed translucent gate.
  2990 | D:4      | Found a runed translucent gate.
  3125 | D:4      | Found a runed translucent gate.
  3130 | D:4      | Noticed destino's ghost (amateur MeFi)
  3179 | D:4      | Reached skill level 5 in Axes
  3544 | D:5      | Entered Level 5 of the Dungeon
  3714 | D:5      | Reached skill level 5 in Fighting
  3714 | D:5      | Reached skill level 5 in Armour
  3739 | D:5      | Reached XP level 8. HP: 44/62 MP: 8/8
  4401 | D:6      | Noticed Edmund
  4420 | D:6      | Killed Edmund
  4568 | D:6      | Found a radiant altar of Vehumet.
  4663 | D:6      | Reached XP level 9. HP: 69/69 MP: 9/9
  5478 | D:6      | Found a runed translucent gate.
  5479 | D:6      | Found a runed translucent gate.
  5480 | D:6      | Found a runed translucent gate.
  5480 | D:6      | Noticed SharpKris's ghost (amateur GnEn)
  5911 | D:7      | Noticed Menkaure
  6277 | D:4      | Killed destino's ghost
  6495 | D:6      | Killed SharpKris's ghost
  6522 | D:6      | Identified the +0 plate armour "Deduafat" {Regen+}
  6589 | D:6      | Killed Menkaure
  6590 | D:6      | Reached XP level 10. HP: 32/79 MP: 10/10
  7096 | D:7      | Noticed Maggie
  7105 | D:7      | Killed Maggie
  7171 | D:7      | Found a staircase to the Ecumenical Temple.
  7193 | Temple   | Entered the Ecumenical Temple
  7246 | Temple   | Became a worshipper of Warmaster Okawaru
  7548 | D:8      | Noticed Psyche
  7569 | D:8      | Reached skill level 1 in Invocations
  7579 | D:8      | Killed Psyche
  7884 | D:8      | Reached * piety under Okawaru
  8242 | D:8      | Found a sparkling altar of Nemelex Xobeh.
  8418 | D:8      | Found a sacrificial altar of Ru.
  8591 | D:9      | Noticed Pikel
  8607 | D:9      | Killed Pikel
  8838 | D:9      | Reached ** piety under Okawaru
  8839 | D:9      | Reached XP level 11. HP: 73/86 MP: 14/14
  8901 | D:9      | Reached skill level 10 in Shields
  8901 | D:9      | Reached skill level 5 in Invocations
  8902 | D:9      | HP: 1/87 [meliai/+0 hand axe (8)]
  8903 | D:9      | You fall into a shaft and drop 3 floors!
  9281 | D:12     | Noticed a deep elf pyromancer
  9299 | D:12     | Killed a deep elf pyromancer
  9377 | D:12     | Found Dinoacin's General Store.
  9405 | D:11     | Noticed Fannar
  9421 | D:11     | Killed Fannar
  9531 | D:11     | Noticed a manticore
  9539 | D:11     | Killed a manticore
  9540 | D:11     | Reached skill level 10 in Axes
  9802 | D:11     | Noticed Nergalle
  9812 | D:11     | Killed Nergalle
  9812 | D:11     | Reached *** piety under Okawaru
  9821 | D:10     | Entered Level 10 of the Dungeon
  9904 | D:10     | Noticed a death yak
  9905 | D:10     | Noticed a death yak
  9906 | D:10     | Found a staircase to the Lair.
  9915 | D:10     | You fall into a shaft and drop 2 floors!
 10294 | D:9      | HP: 3/87 [orc priest/divine providence (14)]
 10298 | D:9      | You fall into a shaft and drop 2 floors!
 10669 | D:9      | You fall into a shaft and drop 2 floors!
 11262 | D:9      | Noticed a six-headed hydra
 11270 | D:9      | Slain by a ten-headed hydra

Illustrated notes

Levels and vault maps discovered:
D:1:      shiori_arrival_maze, layout_loops_ring, minmay_misc_feat_square,
          chequers_serial_rivers_small_b
D:2:      layout_loops_ring, basic_altar, uniq_robin, uniq_sigmund,
          uniq_terence, uniq_natasha
D:3:      layout_loops_corners, evilmike_ruin_ashenzari,
          serial_co_window_serial, co_window_paths_a, co_window_paths_b,
          co_window_corner_a, co_window_corner_a, co_window_paths_a,
          co_window_paths_a, co_window_corner_a, co_window_broadway_a,
          co_window_of_opportunity_b, co_window_broadway_c, co_window_4corner_a,
          glass_columns_a, serial_shops, nicolae_shop_tiny_glass, shop,
          nicolae_diamond_shop, nicolae_shop_back_alley_shop
D:4:      layout_loops_ring, gammafunk_ghost_necromancy
D:5:      layout_loops_ring, fountainhead, bh_walls_and_bars
D:6:      layout_basic, mainiacjoe_overflow_concentric_impassable,
          gammafunk_ghost_split, uniq_edmund
D:7:      layout_basic, temple_doors_e, nicolae_concentric_dashed_squares_mild,
          uniq_maggie, uniq_menkaure
D:8:      layout_rooms, nicolae_ru_great_annihilating_truth,
          nemelex_spade_bored_becter, chequers_jeans, uniq_psyche
D:9:      nzn_winding_woodlands_large [nzn_winding_woodlands_5x5_perimeter,
          nzn_winding_woodlands_5x15_pool, nzn_winding_woodlands_hourglass,
          nzn_winding_woodlands_center_pierced_h,
          nzn_winding_woodlands_15x15_thick_spiral,
          nzn_winding_woodlands_center_triple_pond,
          nzn_winding_woodlands_5x5_open_star,
          nzn_winding_woodlands_5x15_pathside_ponds,
          nzn_winding_woodlands_5x5_cross], layout_basic, uniq_pikel
D:10:     layout_loops_cross, dpeg_lair_monsters, kennysheep_generic_room_9
D:11:     layout_roguey, uniq_fannar, uniq_nergalle
D:12:     layout_irregular_city, orc_david_3, serial_shops, shop_fountains,
          enter_trove_6, minmay_orc_keep
Temple:   hc_temple_tempest_star

Skill      XL: |  1  2  3  4  5  6  7  8  9 10 11 |
---------------+----------------------------------+-----
Axes           | 3 4 5 6 8 9 10 | 10.1
Fighting       | 4 5 6 7 8 9 |  9.0
Armour         | 4 5 6 7 8 9 |  9.0
Shields        | 5 6 7 8 9 10 | 10.8
Invocations    | 4 5 |  5.7
Throwing       | 3 |  3.7

Action                     |  1- 3 |  4- 6 |  7- 9 | 10-12 || total
---------------------------+-------+-------+-------+-------++-------
  Melee: War axe           |    91 |    85 |   165 |       ||   341
         Dire flail        |       |       |   113 |       ||   113
         Halberd           |       |       |    61 |   307 ||   368
         Unarmed           |       |       |       |    16 ||    16
         Battleaxe         |       |       |       |    33 ||    33
 Invoke: Heroism           |       |       |       |     8 ||     8
Ability: Shaft Self        |       |       |       |     4 ||     4
    Use: Scroll            |       |       |     4 |     4 ||     8
         Potion            |       |       |       |     3 ||     3
   Stab: Paralysed         |       |       |       |     1 ||     1
 Armour: Scale mail        |    14 |       |   113 |       ||   127
         Chain mail        |    39 |    51 |    91 |       ||   181
         Gold dragon scale |       |       |    24 |   259 ||   283
         Skin              |       |       |       |    44 ||    44
  Dodge: Dodged            |    40 |    40 |   144 |   129 ||   353
  Block: Buckler           |    25 |    16 |   112 |   139 ||   292
